 Dungeon Crawl Stone Soup version 0.31.0-32-g396128a36d (webtiles) character file.

Game seed: 15947862535361708029

7303 spaghetti the Fighter (level 11, -6/100 (111) HPs)
             Began as a Naga Chaos Knight on Mar 13, 2024.
             Was a Plaything of Xom.
             Mangled by a +0 spectral quarterstaff (7 damage)
             ... created by Joseph
             ... on level 1 of the Lair of Beasts.
             The game lasted 00:15:18 (12637 turns).

spaghetti the Fighter (Naga Chaos Knight)          Turns: 12637, Time: 00:15:18

HP:   -6/100 (111)  AC:  7    Str: 12 (13) XL:     11   Next: 13%
MP:   13/18         EV:  9    Int: 16      God:    Xom [.*....]
Gold: 500           SH:  0    Dex: 25      Spells: 12/19 levels left

rFire   + . .        h - +4 quarterstaff (chaos)
rCold   . . .        (shield currently unavailable)
rNeg    . . .        j - +1 leather armour "Aragaq" {Dex+4}
rPois   +            (no helmet)
rElec   .            d - +0 cloak
rCorr   .            (no gloves)
SInv    +            (no barding)
Will    +....        (no amulet)
Stlth   +++          n - +6 ring of dexterity
HPRegen 1.16/turn    g - ring of protection from fire
MPRegen 0.16/turn

%: no passive effects
@: animating dead, drained, very slow
A: AC +3, large, see invisible, deformed body, poison resistance, slowness 2,
spit poison 1, naga tail 1, fangs 1, agile 1, deterioration 1, mutation
resistance 1, regeneration 1, persistent drain
a: Spit Poison, Renounce Religion


You were on level 1 of the Lair of Beasts.
You worshipped Xom.
You were a plaything of Xom.
You visited 2 branches of the dungeon, and saw 10 of its levels.

You collected 500 gold pieces.

Inventory:

Hand Weapons
 h - a +4 quarterstaff of chaos (weapon)
 l - a +0 quick blade
 s - a +2 dagger of venom
Missiles
 r - 4 boomerangs
 y - a throwing net
Armour
 b - a +2 leather armour
 d - a +0 cloak (worn)
 j - the +1 leather armour "Aragaq" (worn) {Dex+4}
   (You found it on level 7 of the Dungeon)

   Dex+4:     It affects your dexterity (+4).
Jewellery
 a - a ring of ice
 g - a ring of protection from fire (right hand)
 n - a +6 ring of dexterity (left hand)
Wands
 f - a wand of flame (18)
 u - a wand of digging (6)
 v - a wand of roots (11)
Scrolls
 i - 2 scrolls of noise
 k - 2 scrolls of torment
 m - a scroll of silence
 o - 4 scrolls of enchant armour
 p - a scroll of revelation
 q - a scroll of teleportation
 t - a scroll of identify
 w - a scroll of poison
Potions
 c - a potion of degeneration
 e - 2 potions of brilliance
 x - a potion of curing
 z - a potion of enlightenment


   Skills:
 - Level 11.1 Fighting
 - Level 3.0 Polearms
 - Level 1.5 Armour
 - Level 0.7 Dodging
 - Level 3.1 Stealth
 + Level 4.8 Spellcasting
 + Level 2.6 Summonings
 - Level 7.4 Necromancy
 - Level 2.0 Ice Magic
 - Level 8.0 Evocations


You had 12 spell levels left.
You knew the following spells:

 Your Spells              Type           Power      Damage    Failure   Level
a - Animate Dead          Necr           27%        N/A       9%          4
b - Summon Ice Beast      Ice/Summ       11%        N/A       22%         3

Your spell library contained the following spells:

 Spells                   Type           Power      Damage    Failure   Level
 Apportation              Tloc           6%         N/A       21%         1
 Jinxbite                 Hex            6%         N/A       30%         2
 Summon Mana Viper        Hex/Summ       8%         N/A       97%         5
 Alistair's Intoxication  Alch           2%         N/A       99%         5
 Haunt                    Necr/Summ      9%         N/A       100%        7
 Monstrous Menagerie      Summ           6%         N/A       100%        7
 Infestation              Necr           13%        N/A       100%        8


Dungeon Overview and Level Annotations

Branches:
Dungeon (9/15)             Temple (0/1) D:6            Lair (1/5) D:9
    Orc: D:9-12

Altars:
Ashenzari
Fedhas
Okawaru
Uskayaw
Wu Jian
Xom

Annotations:
Lair:1 Joseph


Innate Abilities, Weirdness & Mutations

Your serpentine skin is tough. (AC +3)
You have supernaturally acute eyesight. (SInv)
Armour fits poorly on your strangely shaped body.
Your system is resistant to poisons. (rPois)
You cover ground very slowly.
You can spit poison.
You have a snake-like lower body.
You have very sharp teeth.
You are agile. (Dex +4, Str/Int -1)
Your body sometimes deteriorates upon taking damage.
You are somewhat resistant to further mutation.
Your natural rate of healing is unusually fast.
Your health recovers twice as slowly from being drained.


Message History

The bullfrog hits you.
You thump the bullfrog!
The bullfrog is heavily wounded.
The bullfrog hits you.
Your ice beast hits the bullfrog.
Your ice beast freezes the bullfrog!
Joseph shoots a sling bullet.
The sling bullet hits you!
You feel drained.
The bullfrog closely misses your ice beast.
You catch the helpless bullfrog completely off-guard!
You hit the bullfrog.
You kill the bullfrog!
The dead are hopping!
Joseph zaps a wand.
The puff of flame hits your ice beast!
Your ice beast melts!
Your ice beast dies!
Your ice beast disappears in a puff of smoke!
Aiming: Fastroot
Press: ? - help, Shift-Dir - straight line, f - Joseph
Aim: Joseph, wielding a +2 sling of draining, wearing a +0 ring mail and carrying a wand of flame (ally target)
The roots erupt in riotous growth!
Roots grab Joseph.
The grasping roots constrict Joseph.
Joseph struggles to escape constriction.
The grasping roots constrict Joseph!
Joseph shoots a sling bullet.
The sling bullet hits you!!
You feel drained.
* * * LOW HITPOINT WARNING * * *
The grasping roots constrict Joseph!
The roots release their grip on Joseph.
Joseph says, "It's nothing personal."
Joseph unwields a +2 sling of draining.
Joseph wields a +0 spectral quarterstaff.
Joseph hits you with a +0 spectral quarterstaff!
* * * LOW HITPOINT WARNING * * *
Your body deteriorates!
You feel weakened. The +0 spectral quarterstaff hits you!
* * * LOW HITPOINT WARNING * * *
A komodo dragon comes into view.
Joseph hits you with a +0 spectral quarterstaff.
* * * LOW HITPOINT WARNING * * *
The +0 spectral quarterstaff hits you!
You die...
Xom is highly amused!

#.....##.P..P#### .#
.....#####...# ..|#
#....# #..## ...#
P....# #..# ...#
.....# ##..# ...#
.....#.##...#
##...#### ...
!.......######........
......................
..?...l....(@Z........
.##....#.#.@#####.....
#....###..# .... #....
#..# .. #.... #...
...... ..... ......
....... ...♣..


You could see Joseph (ally target), a komodo dragon, a +0 spectral quarterstaff
and a friendly bullfrog zombie.

Vanquished Creatures
  A two-headed ogre (D:9)
  An unseen horror (D:9)
  Sigmund (D:3)
  2 wyverns
  7 yaks
  A steam dragon (D:8)
  A redback (D:9)
  3 water moccasins
  Duvessa (D:7)
  An ice beast (D:6)
  2 sky beasts (D:7)
  3 black bears
  An ogre (D:6)
  3 wolves (Lair:1)
  2 phantoms
  4 bullfrogs
  3 scorpions
  11 wights (D:9)
  A killer bee (D:7)
  2 howler monkeys
  2 bombardier beetles
  A hound (D:7)
  4 orc priests
  3 sleepcaps
  Crazy Yiuf (D:4)
  3 iguanas
  14 orc wizards
  10 gnolls
  12 adders
  A white imp (D:5)
  4 ufetubi
  2 dart slugs (D:1)
  A ribbon worm (D:2)
  29 orcs
  5 bats (D:1)
  7 endoplasms
  4 goblins
  7 hobgoblins
  3 jackals (D:2)
  4 quokkas
  6 ball pythons
  4 frilled lizards
  6 kobolds
  2 rats (D:2)
186 creatures vanquished.

Vanquished Creatures (collateral kills)
  3 yaks (Lair:1)
  Grum (Lair:1)
  Eustachio (D:6)
  2 wights (D:9)
  Dowan (D:7)
  2 killer bees (D:7)
  A bombardier beetle (D:3)
  5 gnolls (D:4)
  An adder (D:6)
  3 orcs
20 creatures vanquished.

Vanquished Creatures (others)
  A wight (D:9)
  2 killer bees (D:7)
  2 wolf zombies (Lair:1)
  A sleepcap (D:7)
  A gnoll zombie (Lair:1)
  3 orc zombies
10 creatures vanquished.

Grand Total: 216 creatures vanquished

Notes
Turn   | Place    | Note
-------+----------+-------------------------------------------
     0 | D:1      | spaghetti the Naga Chaos Knight began the quest for the
                  | Orb.
     0 | D:1      | Reached XP level 1. HP: 21/21 MP: 1/1
   133 | D:1      | XOM: butterfly on damage
   137 | D:1      | Reached XP level 2. HP: 22/28 MP: 2/2
   200 | D:1      | XOM: divination: detect items
   440 | D:1      | Reached skill level 4 in Fighting
   454 | D:1      | Reached XP level 3. HP: 33/36 MP: 3/3
   596 | D:1      | Found a faded altar of an unknown god.
   596 | D:1      | Noticed a sun demon
  1212 | D:2      | XOM: noise
  1234 | D:2      | Reached XP level 4. HP: 45/45 MP: 4/4
  1298 | D:2      | XOM: smoke on damage
  1320 | D:2      | Reached skill level 5 in Fighting
  1798 | D:3      | Noticed Sigmund
  1798 | D:3      | XOM: enchant monster (good)
  1804 | D:3      | Reached XP level 5. HP: 55/55 MP: 5/5
  1828 | D:3      | Reached skill level 6 in Fighting
  1846 | D:3      | XOM: potion effect (curing)
  1847 | D:3      | XOM: destruction
  1876 | D:3      | XOM: divination: magic mapping
  1903 | D:3      | Found a blossoming altar of Fedhas.
  1903 | D:3      | Found an iron altar of Okawaru.
  1928 | D:3      | XOM: 5-stop teleportation journey
  1939 | D:3      | XOM: confuse monster(s)
  1943 | D:3      | Killed Sigmund
  1944 | D:3      | Reached skill level 7 in Fighting
  1944 | D:3      | Reached XP level 6. HP: 41/66 MP: 6/6
  2082 | D:3      | XOM: 6-stop teleportation journey
  2743 | D:4      | XOM: cast spell 'Cause Fear'
  2744 | D:4      | XOM: silly message
  2901 | D:4      | XOM: divination: detect creatures
  2916 | D:4      | Reached XP level 7. HP: 48/73 MP: 7/7
  3147 | D:4      | XOM: enchant monster (good)
  3149 | D:4      | XOM: cast spell 'Summon Cactus Giant'
  3153 | D:4      | Reached skill level 8 in Fighting
  3396 | D:4      | XOM: 2-stop teleportation journey
  3414 | D:4      | XOM: smoke on damage
  3425 | D:5      | Entered Level 5 of the Dungeon
  3606 | D:4      | XOM: draining
  3636 | D:4      | XOM: summons friendly quasit
  3833 | D:4      | XOM: fake destruction
  3962 | D:4      | XOM: cleaving
  3966 | D:4      | XOM: cast spell 'Animate Armour'
  4068 | D:4      | Found an ornate altar of the Wu Jian Council.
  4081 | D:4      | XOM: 2-stop teleportation journey
  4333 | D:4      | XOM: divination: detect creatures
  4412 | D:4      | XOM: god gift: iron ring {god gift}
  4442 | D:4      | XOM: 8-stop teleportation journey
  4465 | D:4      | XOM: scenery: summon butterflies
  4707 | D:4      | Reached skill level 9 in Fighting
  4712 | D:4      | XOM: divination: magic mapping
  5173 | D:4      | XOM: divination: detect items
  5175 | D:4      | Found a runed translucent door.
  5176 | D:4      | Noticed Crazy Yiuf
  5188 | D:4      | Killed Crazy Yiuf
  5384 | D:5      | Reached XP level 8. HP: 77/81 MP: 8/8
  5622 | D:5      | XOM: noise
  5850 | D:5      | Reached skill level 10 in Fighting
  6084 | D:5      | XOM: cloud trail
  6611 | D:5      | XOM: scenery: summon butterflies
  6701 | D:6      | Noticed Eustachio
  6710 | D:6      | Killed Eustachio
  6763 | D:6      | Reached skill level 11 in Fighting
  7294 | D:6      | XOM: cloud trail
  7316 | D:6      | Reached XP level 9. HP: 96/97 MP: 9/9
  7837 | D:6      | XOM: divination: detect items
  7839 | D:6      | Reached skill level 5 in Necromancy
  8144 | D:6      | Found a staircase to the Ecumenical Temple.
  8613 | D:7      | Noticed Duvessa
  8613 | D:7      | Noticed Dowan
  8613 | D:7      | XOM: cleaving
  8615 | D:7      | XOM: scenery: summon butterflies
  8619 | D:7      | Learned a level 4 spell: Animate Dead
  8620 | D:7      | XOM: scenery: create altars
  8622 | D:7      | Killed Duvessa
  8622 | D:7      | XOM: swap monsters
  8627 | D:7      | Killed Dowan
  8736 | D:7      | XOM: give mutation
  8736 | D:7      | Gained mutation: You have a pair of small antennae on your
                  | head. [Xom's grace]
  8803 | D:7      | XOM: smoke on damage
  9026 | D:7      | XOM: 5-stop teleportation journey
  9174 | D:7      | XOM: fog
  9285 | D:7      | Identified the +1 leather armour "Aragaq" {Dex+4}
  9358 | D:7      | XOM: fog
  9397 | D:7      | Reached skill level 1 in Evocations
  9399 | D:7      | XOM: cast spell 'Summon Mana Viper'
  9446 | D:7      | XOM: god gift: boomerang
  9527 | D:7      | XOM: confuse monster(s)
  9958 | D:7      | XOM: give mutation
  9958 | D:7      | Gained mutation: You have very sharp teeth. [Xom's
                  | mischief]
  9972 | D:7      | XOM: summons 4 hostile demons
 10021 | D:7      | XOM: give mutations
 10021 | D:7      | Gained mutation: Your body sometimes deteriorates upon
                  | taking damage. [Xom's mischief]
 10021 | D:7      | Gained mutation: Your health recovers twice as slowly from
                  | being drained. [Xom's mischief]
 10049 | D:8      | Reached XP level 10. HP: 53/104 MP: 10/10
 10061 | D:8      | XOM: silly message
 10098 | D:8      | Found a broken altar of Ashenzari.
 10098 | D:8      | Found a hide-covered altar of Uskayaw.
 10098 | D:8      | XOM: 5-stop teleportation journey
 10242 | D:8      | Reached skill level 5 in Evocations
 10917 | D:9      | XOM: polymorph orc warrior -> gnoll
 10936 | D:9      | XOM: summons 3 hostile shadow creatures
 11088 | D:9      | XOM: noise
 11143 | D:9      | Noticed a two-headed ogre
 11150 | D:9      | XOM: confusion (+ monsters)
 11156 | D:9      | HP: 3/99 [two-headed ogre/+0 giant club (26)]
 11157 | D:9      | Killed a two-headed ogre
 11512 | D:8      | XOM: torment (53/104 hp)
 11607 | D:9      | XOM: 1-stop teleportation journey
 11626 | D:9      | XOM: torment (50/104 hp)
 11645 | D:9      | XOM: give mutations
 11645 | D:9      | Gained mutation: Your spells are a little easier to cast,
                  | but a little less powerful. [Xom's mischief]
 11645 | D:9      | Lost mutation: You have a pair of small antennae on your
                  | head. [Xom's mischief]
 11645 | D:9      | Lost mutation: Your spells are a little easier to cast, but
                  | a little less powerful. [Xom's mischief]
 11645 | D:9      | Gained mutation: Your natural rate of healing is unusually
                  | fast. [Xom's mischief]
 11763 | D:9      | XOM: chaos cloud
 11764 | D:9      | XOM: polymorph yak -> redback
 11770 | D:9      | XOM: swap monsters
 11774 | D:9      | XOM: noise
 11891 | D:9      | XOM: swap monsters
 11894 | D:9      | a yak changed into an unseen horror
 11894 | D:9      | Noticed an unseen horror
 11894 | D:9      | XOM: polymorph yak -> unseen horror
 11904 | D:9      | Reached skill level 1 in Spellcasting
 11909 | D:9      | XOM: confusion (+ monsters)
 11920 | D:9      | Killed an unseen horror
 12152 | D:9      | Found a staircase to the Lair.
 12250 | D:9      | XOM: give mutations
 12250 | D:9      | Gained mutation: You are dopey. (Int -2) [Xom's mischief]
 12250 | D:9      | Lost mutation: You are dopey. (Int -2) [Xom's mischief]
 12250 | D:9      | Gained mutation: You are somewhat resistant to further
                  | mutation. [Xom's mischief]
 12250 | D:9      | Gained mutation: You are agile. (Dex +4, Str/Int -1) [Xom's
                  | mischief]
 12356 | Lair:1   | Entered Level 1 of the Lair of Beasts
 12361 | Lair:1   | Learned a level 3 spell: Summon Ice Beast
 12371 | Lair:1   | Noticed Grum
 12373 | Lair:1   | XOM: summons 10 friendly demons
 12396 | Lair:1   | Killed Grum
 12397 | Lair:1   | Reached skill level 1 in Summonings
 12397 | Lair:1   | Reached skill level 1 in Ice Magic
 12397 | Lair:1   | Reached XP level 11. HP: 42/107 MP: 15/17
 12416 | Lair:1   | Your ally Grum died
 12468 | Lair:1   | XOM: summons friendly iron imp
 12625 | Lair:1   | Noticed Joseph
 12637 | Lair:1   | HP: 1/100 [Joseph/+0 spectral quarterstaff (5)]
 12637 | Lair:1   | Mangled by a +0 spectral quarterstaff

Illustrated notes

Levels and vault maps discovered:
D:1:      ldierk_walled_garden_2, layout_basic,
          dreamdust_ecumenical_altar_sealed_demon, dk_noncrumbling_3
D:2:      layout_loops_cross
D:3:      layout_loops_ring, gammafunk_temple_overflow_pools,
          chequers_serial_rivers_small_3, serial_bayou_pond_e,
          kennysheep_nondescript, nrook_uturn, glass_columns_a, uniq_sigmund
D:4:      layout_layer_cave, nicolae_wu_jian_wuxing_cycle,
          uniq_crazy_yiuf_cottage
D:5:      layout_cave_pods, grunt_ministairs_13
D:6:      layout_layer_cave, minmay_temple_entry_statues_pillars, uniq_eustachio
D:7:      kennysheep_six_static_rooms, layout_rooms,
          chequers_serial_rivers_large_a, uniq_duvessa
D:8:      layout_loops_ring, nicolae_overflow_hidden_temple
D:9:      layout_loops_ring, lair_entry_dummy
Lair:1:   layout_small_grid, portal_ice_cave_demonic_guard,
          grunt_forest_large_clearing_hut, uniq_grum, uniq_joseph

Skill      XL: |  1  2  3  4  5  6  7  8  9 10 11 |
---------------+----------------------------------+-----
Fighting       | 4 5 7 9 11 | 11.1
Necromancy     | 2 7 |  7.4
Evocations     | 4 8 |  8.0
Stealth        | 3 |  3.1
Spellcasting   | 4 |  4.8
Summonings     | 1 2 |  2.6
Ice Magic      | 1 2 |  2.0
Polearms       | |  3.0
Armour         | |  1.5
Dodging        | |  0.7

Action                     |  1- 3 |  4- 6 |  7- 9 | 10-12 || total
---------------------------+-------+-------+-------+-------++-------
  Melee: Spear             |   104 |       |       |       ||   104
         Dagger            |     1 |   198 |       |       ||   199
         Punch             |       |     3 |     5 |       ||     8
         Quick blade       |       |       |   269 |       ||   269
         Quarterstaff      |       |       |   238 |   150 ||   388
         Bite              |       |       |     1 |    15 ||    16
   Cast: Animate Dead      |       |       |     4 |     8 ||    12
         Summon Ice Beast  |       |       |       |     1 ||     1
Ability: Spit Poison       |     1 |     7 |    26 |     5 ||    39
  Evoke: Wand              |       |       |     7 |    15 ||    22
    Use: Scroll            |     3 |     1 |    14 |     1 ||    19
         Potion            |     2 |     2 |     4 |     5 ||    13
   Stab: Confused          |     1 |       |     1 |     1 ||     3
         Sleeping          |     1 |       |     3 |     1 ||     5
         Distracted        |       |       |     2 |     1 ||     3
         Petrified         |       |       |     3 |     1 ||     4
         Petrifying        |       |       |     2 |     1 ||     3
         Invisible         |       |       |       |     1 ||     1
         Paralysed         |       |       |       |     1 ||     1
 Armour: Leather armour    |    56 |   100 |   468 |   144 ||   768
         Skin              |     1 |     9 |    10 |    26 ||    46
  Dodge: Dodged            |    31 |    77 |   274 |    69 ||   451
